 Dungeon Crawl Stone Soup version 0.19.5 (webtiles) character file.

29639 JeffiDaFish the Blocker (level 13, 0/80 HPs)
             Began as a Gargoyle Fighter on Apr 10, 2017.
             Was the Champion of Okawaru.
             Slain by CrawlBurg's ghost (14 damage)
             ... on level 3 of the Lair of Beasts on Apr 11, 2017.
             The game lasted 00:53:17 (15837 turns).

JeffiDaFish the Blocker (Gargoyle Fighter)         Turns: 15837, Time: 00:53:18

Health: 0/80       AC: 34    Str: 24    XL:     13   Next: 46%
Magic:  13/13      EV: 11    Int: 12    God:    Okawaru [******]
Gold:   667        SH: 14    Dex: 13    Spells: 0 memorised, 12 levels left

rFire  + . .     SeeInvis +     o - +8 whip (freeze)
rCold  + + .     Gourm    .     m - +4 chain mail
rNeg   + . .     Faith    .     c - +0 shield
rPois  ∞         Spirit   .     C - +2 helmet {Int+3}
rElec  +         Reflect  .     w - +2 cloak
rCorr  +         Harm     .     e - +1 pair of gloves
MR     .....     Clarity  +     (no boots)
Stlth  ..........               p - amulet of Cas Fuucva {RegenMP +Fly SInv}
                                t - ring of protection from cold
                                A - +3 ring of strength

@: resistant
A: clarity, negative energy resistance 1, electricity resistance, unbreathing,
petrification resistance, rot immunity, AC +9
a: Heroism, Finesse, Renounce Religion, Evoke Flight


You were on level 3 of the Lair of Beasts.
You worshipped Okawaru.
Okawaru was exalted by your worship.
You were not hungry.

You visited 3 branches of the dungeon, and saw 13 of its levels.
You also visited: Bailey and Ice Cave.

You collected 847 gold pieces.
You spent 180 gold pieces at shops.

Inventory:

Hand Weapons
 o - a +8 whip of freezing (weapon)
 z - a +2 whip of electrocution
Armour
 c - a +0 shield (worn)
 e - a +1 pair of gloves (worn)
 m - a +4 chain mail (worn)
 w - a +2 cloak (worn)
 C - a +2 helmet of intelligence (worn)
Jewellery
 l - an uncursed ring of ice
 p - the amulet of Cas Fuucva (around neck) {RegenMP +Fly SInv}
   (You found it on level 6 of the Dungeon)

   [amulet of magic regeneration]

   It increases your magic regeneration.
   It lets you see invisible.
   It lets you fly.
 s - an uncursed ring of see invisible
 t - a ring of protection from cold (right hand)
 A - a +3 ring of strength (left hand)
 D - a +3 ring of dexterity {unknown}
Scrolls
 g - 3 scrolls of identify
 q - 2 scrolls of amnesia
 r - 4 scrolls of remove curse
 u - 2 scrolls of teleportation
 B - 2 scrolls of enchant weapon
Potions
 a - a potion of resistance
 d - 2 potions of flight
 x - 2 potions of cancellation
Books
 b - a book of Cantrips

   Spells                             Type                      Level
   a - Confusing Touch                Hexes                        1
   b - Animate Skeleton               Necromancy                   1
   c - Summon Small Mammal            Summoning                    1
   d - Apportation                    Translocation                1
 k - the Compendium of Conjuration and Necromancy
   (You found it on level 4 of the Dungeon)

   Spells                             Type                      Level
   a - Throw Frost                    Conjuration/Ice              2
   b - Stone Arrow                    Conjuration/Earth            3
   c - Static Discharge               Conjuration/Air              3
   d - Fulminant Prism                Conjuration/Hexes            4
   e - Force Lance                    Conjuration/Translocation    4
   f - Animate Dead                   Necromancy                   4
 n - a book of Misfortune

   Spells                             Type                      Level
   a - Confusing Touch                Hexes                        1
   b - Confuse                        Hexes                        3
   c - Gell's Gravitas                Hexes/Translocation          3
   d - Petrify                        Transmutation/Earth          4
   e - Metabolic Englaciation         Hexes/Ice                    5
   f - Yara's Violent Unravelling     Hexes/Transmutation          5
 y - a Fen Folio

   Spells                             Type                      Level
   a - Corpse Rot                     Necromancy                   2
   b - Stone Arrow                    Conjuration/Earth            3
   c - Leda's Liquefaction            Hexes/Earth                  4
   d - Summon Forest                  Summoning/Translocation      5
   e - Hydra Form                     Transmutation                6
   f - Summon Hydra                   Summoning                    7
Comestibles
 f - 11 bread rations
 h - 18 fruits
 i - 8 slices of pizza
 j - 8 meat rations
 v - 10 chunks of flesh


   Skills:
 + Level 9.2 Fighting
 + Level 12.5 Maces & Flails
 + Level 11.2 Armour
 + Level 4.8 Dodging
 + Level 1.4 Stealth
 + Level 13.8 Shields


You had 12 spell levels left.
You didn't know any spells.

Dungeon Overview and Level Annotations

Branches:
Dungeon (9/15)             Temple (1/1) D:7            Lair (2/6) D:8
  Swamp: Lair:2-4    Shoals: Lair:2-4     Snake: Lair:2-4    Spider: Lair:2-4
    Orc: D:9-12

Altars:
Ashenzari
Cheibriados
Dithmenos
Elyvilon
Fedhas
Gozag
Hepliaklqana
Kikubaaqudgha
Makhleb
Nemelex Xobeh
Okawaru
Qazlal
Ru
Sif Muna
Trog
Uskayaw
Vehumet
Xom
Yredelemnul
Zin
The Shining One

Shops:
D:7 [   D:8 ?

Annotations:
Lair:1 exclusion: oklob plant
Lair:3 CrawlBurg's ghost, journeyman HOFi


Innate Abilities, Weirdness & Mutations

You are resistant to torment.
Your stone body is resilient. (AC +9)
You are immune to poison.
You resist negative energy. (rN+)
You are resistant to electric shocks. (rElec)
You can survive without breathing.
You are immune to petrification.
You are immune to rotting.
You possess an exceptional clarity of mind.


Message History

You closely miss CrawlBurg's ghost.
CrawlBurg's ghost is severely damaged.
CrawlBurg's ghost hits you but does no damage.
You miss CrawlBurg's ghost.
CrawlBurg's ghost is severely damaged.
You closely miss CrawlBurg's ghost.
CrawlBurg's ghost is severely damaged.
You block CrawlBurg's ghost's attack.
You completely miss CrawlBurg's ghost.
CrawlBurg's ghost is severely damaged.
You whack CrawlBurg's ghost! You freeze CrawlBurg's ghost.
CrawlBurg's ghost is almost destroyed.
CrawlBurg's ghost says, "I don't need an army to kill you!"
You block CrawlBurg's ghost's attack.
You hit CrawlBurg's ghost but do no damage.
CrawlBurg's ghost is almost destroyed.
You hit CrawlBurg's ghost but do no damage.
CrawlBurg's ghost is almost destroyed.
CrawlBurg's ghost hits you!
You die...

##.. #.⌠. ...#
....#...#
....###..#....#
.............
#....⌠.....
#.......#
#.⌠...⌠.##
##........#
##..@.⌠....###
#..W..÷.†....#
#...###.#.#......
.$....
###.##..... .+.⌠.
#.# ..... #...
#.# .##. ##. ...
.. #. #.# ## ##


You could see CrawlBurg's ghost.

Vanquished Creatures
  A white draconian (IceCv)
  2 hydras
  A death yak (IceCv)
  A deep elf knight (Bailey)
  Pikel (D:5)
  9 deep elf magi (Bailey)
  6 elephants (Lair:1)
  Psyche (D:8)
  3 black mambas
  2 spiny frogs (Lair:1)
  2 rime drakes
  A komodo dragon (Lair:2)
  The ghost of notsosimplebreeze the Shield-Bearer, an amateur MiFi (D:5)
  16 polar bears (IceCv)
  2 dream sheep (D:9)
  2 trolls
  9 blink frogs
  4 hippogriffs
  21 yaks
  Eustachio (D:6)
  3 fire bats (Lair:1)
  2 hungry ghosts
  Edmund (D:5)
  Menkaure (D:5)
  3 water moccasins
  4 orc warriors (D:9)
  3 sky beasts
  An ice beast (D:5)
  2 porcupines
  2 slaves (D:5)
  2 black bears
  An ogre (D:9)
  2 phantoms (D:5)
  An eye of draining (D:9)
  6 centaurs
  20 wolves
  4 big kobolds
  5 bullfrogs
  Blork the orc (D:4)
  A water moccasin zombie (D:9)
  2 scorpions (D:8)
  6 killer bees (D:8)
  2 howler monkeys
  6 electric eels (D:8)
  3 crimson imps
  A bullfrog zombie (D:4)
  9 hounds
  A jelly (D:6)
  3 centaur skeletons
  8 orc priests
  A bullfrog skeleton (D:3)
  4 worker ants
  8 orc wizards
  2 killer bee zombies (D:7)
  A hound zombie (D:8)
  2 hound skeletons (D:6)
  A worker ant zombie (D:5)
  2 howler monkey zombies
  16 adders
  3 shadow imps
  12 white imps (Lair:1)
  2 adder skeletons
  2 worms
  4 dart slugs
  2 leopard geckos (D:5)
  53 orcs
  4 ball pythons
  9 bats
  8 giant cockroaches
  9 goblins
  9 hobgoblins
  13 jackals
  4 quokkas
  9 frilled lizards
  10 kobolds
  14 rats
396 creatures vanquished.

Vanquished Creatures (others)
  8 orcs (D:8)
  A fungus (Lair:1)
9 creatures vanquished.

Grand Total: 405 creatures vanquished

Notes
Turn   | Place    | Note
-------+----------+-------------------------------------------
     0 | D:1      | JeffiDaFish the Gargoyle Fighter began the quest for the Orb.
     0 | D:1      | Reached XP level 1. HP: 14/14 MP: 1/1
   182 | D:1      | Reached XP level 2. HP: 19/19 MP: 2/2
   812 | D:2      | Reached XP level 3. HP: 23/23 MP: 3/3
  1064 | D:2      | Reached skill level 4 in Shields
  1072 | D:2      | Reached XP level 4. HP: 27/28 MP: 4/4
  1653 | D:2      | Found a deep blue altar of Sif Muna.
  1783 | D:3      | Reached XP level 5. HP: 18/32 MP: 5/5
  2576 | D:3      | Reached skill level 5 in Shields
  2576 | D:3      | Reached XP level 6. HP: 38/38 MP: 6/6
  3315 | D:4      | Identified the Compendium of Conjuration and Necromancy
  3354 | D:4      | Reached skill level 1 in Dodging
  3765 | D:4      | Noticed Blork the orc
  3806 | D:4      | Killed Blork the orc
  3806 | D:4      | Reached skill level 5 in Maces & Flails
  3806 | D:4      | Reached XP level 7. HP: 22/43 MP: 7/7
  4182 | D:5      | Entered Level 5 of the Dungeon
  4453 | D:5      | Noticed notsosimplebreeze's ghost (amateur MiFi)
  4457 | D:5      | Noticed Pikel
  4499 | D:5      | Killed notsosimplebreeze's ghost
  4499 | D:5      | Reached XP level 8. HP: 17/48 MP: 8/8
  4506 | D:5      | Reached skill level 6 in Shields
  4582 | D:5      | Killed Pikel
  4582 | D:5      | Reached skill level 5 in Armour
  4879 | D:5      | Noticed Menkaure
  4891 | D:5      | Killed Menkaure
  4971 | D:5      | Noticed Edmund
  5012 | D:5      | Killed Edmund
  5012 | D:5      | Reached skill level 5 in Fighting
  5012 | D:5      | Reached skill level 7 in Shields
  5012 | D:5      | Reached XP level 9. HP: 12/54 MP: 9/9
  5668 | D:6      | Got a scintillating graven amulet
  5887 | D:6      | Gained mutation: You possess an exceptional clarity of mind. [potion of mutation]
  5887 | D:6      | Gained mutation: Scrolls take you a little longer to read. [potion of mutation]
  5887 | D:6      | Lost mutation: Scrolls take you a little longer to read. [potion of mutation]
  5989 | D:6      | Noticed a troll
  5992 | D:6      | Noticed Eustachio
  6033 | D:6      | Killed a troll
  6091 | D:6      | Killed Eustachio
  6385 | D:6      | Identified the amulet of Cas Fuucva {RegenMP +Fly SInv} (You found it on level 6 of the Dungeon)
  6604 | D:7      | Found Diusimon's Antique Armour Boutique.
  6673 | D:7      | Reached skill level 8 in Shields
  7155 | D:7      | Found a staircase to the Ecumenical Temple.
  7164 | Temple   | Entered the Ecumenical Temple
  7221 | Temple   | Became a worshipper of Warmaster Okawaru
  7392 | D:7      | Reached XP level 10. HP: 59/59 MP: 10/10
  7535 | D:7      | Reached skill level 9 in Shields
  8013 | D:8      | Found a staircase to the Lair.
  8748 | D:8      | Reached * piety under Okawaru
  9001 | D:8      | Found Estriethri's Magic Scroll Shoppe.
  9009 | D:8      | Bought a scroll of enchant armour for 90 gold pieces
  9009 | D:8      | Bought a scroll of enchant weapon for 90 gold pieces
  9017 | D:8      | Noticed Psyche
  9045 | D:8      | Killed Psyche
 10314 | D:9      | Reached ** piety under Okawaru
 10314 | D:9      | Reached skill level 10 in Shields
 10467 | D:9      | Found a flagged portal.
 10489 | Bailey   | Entered a bailey
 10496 | Bailey   | Noticed a deep elf mage
 10507 | Bailey   | Killed a deep elf mage
 10517 | Bailey   | Noticed a deep elf mage
 10518 | Bailey   | Noticed a deep elf mage
 10518 | Bailey   | Noticed a deep elf mage
 10518 | Bailey   | Noticed a deep elf mage
 10519 | Bailey   | Noticed a deep elf mage
 10519 | Bailey   | Noticed a deep elf mage
 10529 | Bailey   | Killed a deep elf mage
 10529 | Bailey   | Reached skill level 10 in Maces & Flails
 10551 | Bailey   | Killed a deep elf mage
 10551 | Bailey   | Reached XP level 11. HP: 64/65 MP: 11/11
 10567 | Bailey   | Killed a deep elf mage
 10567 | Bailey   | Reached *** piety under Okawaru
 10582 | Bailey   | Killed a deep elf mage
 10589 | Bailey   | Killed a deep elf mage
 10599 | Bailey   | Killed a deep elf mage
 10599 | Bailey   | Reached **** piety under Okawaru
 10873 | Bailey   | Noticed a deep elf knight
 10914 | Bailey   | Killed a deep elf knight
 10989 | Bailey   | Noticed a deep elf mage
 10989 | Bailey   | Noticed a deep elf mage
 11000 | Bailey   | Killed a deep elf mage
 11000 | Bailey   | Reached skill level 11 in Shields
 11013 | Bailey   | Killed a deep elf mage
 11355 | D:9      | Reached ***** piety under Okawaru
 11492 | D:9      | Noticed a two-headed hydra
 11501 | D:9      | Killed a two-headed hydra
 12166 | Lair:1   | Entered Level 1 of the Lair of Beasts
 12166 | Lair:1   | Found a frozen archway.
 12166 | Lair:1   | Noticed a four-headed hydra
 12187 | Lair:1   | Killed a four-headed hydra
 12187 | Lair:1   | Reached XP level 12. HP: 57/72 MP: 12/12
 12260 | IceCv    | Entered an ice cave
 12300 | IceCv    | Reached skill level 12 in Shields
 12511 | IceCv    | Received a gift from Okawaru
 12721 | IceCv    | Noticed a death yak
 12755 | IceCv    | Killed a death yak
 12801 | IceCv    | Reached skill level 10 in Armour
 13120 | IceCv    | Noticed a white draconian
 13171 | IceCv    | Killed a white draconian
 13171 | IceCv    | Reached ****** piety under Okawaru
 13171 | IceCv    | Received a gift from Okawaru
 13233 | IceCv    | Reached skill level 13 in Shields
 13912 | Lair:1   | Reached skill level 1 in Stealth
 13935 | Lair:1   | Reached XP level 13. HP: 40/79 MP: 13/13
 15666 | Lair:2   | You fall through a shaft!
 15745 | Lair:3   | Noticed CrawlBurg's ghost (journeyman HOFi)
 15837 | Lair:3   | Slain by CrawlBurg's ghost

Skill      XL: |  1  2  3  4  5  6  7  8  9 10 11 12 13 |
---------------+----------------------------------------+-----
Shields        | 4 5 7 8 10 11 13 | 13.8
Maces & Flails | 3 4 5 6 8 9 10 11 12 | 12.5
Armour         | 4 5 6 8 9 10 11 | 11.2
Dodging        | 1 2 3 4 |  4.8
Fighting       | 4 5 6 7 8 9 |  9.2
Stealth        | 1 |  1.4

Action                   |  1- 3 |  4- 6 |  7- 9 | 10-12 | 13-15 || total
-------------------------+-------+-------+-------+-------+-------++-------
Melee: Flail             |   159 |   309 |   180 |       |       ||   648
       Whip              |       |       |   391 |  1379 |   348 ||  2118
  Use: Scroll            |     3 |     6 |     6 |    14 |       ||    29
       Potion            |     3 |     3 |     4 |     7 |     2 ||    19
  Eat: Chunk             |     1 |     9 |    14 |    23 |     7 ||    54
Armor: Scale mail        |    76 |       |       |       |       ||    76
       Plate armour      |    14 |   282 |       |       |       ||   296
       Chain mail        |       |    57 |   297 |   676 |   119 ||  1149
Dodge: Dodged            |    40 |    85 |   142 |   340 |    61 ||   668
Block: Shield            |    78 |   212 |   292 |   795 |   143 ||  1520
